 Dungeon Crawl Stone Soup version 0.28-a0-861-ge64d6db94f (webtiles) character file.

Game seed: 15378568168172530738

80 Twinkles the Sneak (level 4, -4/21 HPs)
             Began as a Spriggan Earth Elementalist on Nov 16, 2021.
             Slain by Ijyb (6 damage)
             ... on level 3 of the Dungeon.
             The game lasted 00:14:37 (3764 turns).

Twinkles the Sneak (Spriggan Earth Elementalist)    Turns: 3764, Time: 00:14:38

Health: -4/21      AC:  3    Str:  5    XL:     4   Next: 18%
Magic:  1/9        EV: 18    Int: 16    God:
Gold:   122        SH:  0    Dex: 15    Spells: 8/9 levels left

rFire   . . .      SeeInvis +   a - +0 dagger
rCold   . . .      Faith    .   (shield restricted)
rNeg    . . .      Spirit   .   b - +0 robe
rPois   .          Reflect  .   (helmet restricted)
rElec   .          Harm     .   e - +0 cloak
rCorr   .          Rampage  .   (gloves unavailable)
Will    .....                   (boots unavailable)
Stlth   +++.......              (no amulet)
HPRegen 0.07/turn               (no ring)
MPRegen 0.11/turn               (no ring)

@: very quick
A: very small, no large weapons, unfitting armour, see invisible, speed 3
a: no special abilities


You were on level 3 of the Dungeon.
You visited 1 branch of the dungeon, and saw 3 of its levels.

You collected 122 gold pieces.

Inventory:

Hand Weapons
 a - a +0 dagger (weapon)
 g - a +0 rapier
Missiles
 s - 6 stones
Armour
 b - a +0 robe (worn)
 e - a +0 cloak (worn)
Scrolls
 d - a scroll of holy word {unknown}
 f - a scroll of enchant weapon {unknown}
 m - a scroll of teleportation {unknown}
Potions
 c - a potion of attraction {unknown}
 h - 3 potions of cancellation {unknown}
 i - a potion of mutation {unknown}
 j - 2 potions of curing {unknown}
 k - a potion of degeneration {unknown}
 l - a potion of ambrosia {unknown}
 n - a potion of heal wounds {unknown}


   Skills:
 + Level 3.9 Dodging
 + Level 4.5 Stealth
 - Level 3.1 Spellcasting
 - Level 1.3 Transmutations
 + Level 3.3 Earth Magic


You had 8 spell levels left.
You knew the following spells:

 Your Spells              Type           Power      Damage    Failure   Level
a - Sandblast             Erth           26%        2d8       4%          1

Your spell library contained the following spells:

 Spells                   Type           Power      Damage    Failure   Level
 Passwall                 Tmut/Erth      8%         N/A       11%         2
 Summon Small Mammal      Summ           8%         N/A       19%         1
 Stone Arrow              Conj/Erth      14%        3d7       28%         3
 Call Canine Familiar     Summ           2%         N/A       50%         3
 Gell's Gravitas          Tloc           2%         N/A       50%         3
 Lesser Beckoning         Tloc           2%         N/A       50%         3
 Summon Guardian Golem    Hex/Summ       2%         N/A       50%         3
 Teleport Other           Tloc           2%         N/A       50%         3
 Petrify                  Tmut/Erth      10%        N/A       56%         4
 Dispersal                Tloc           1%         N/A       100%        6


Dungeon Overview and Level Annotations

Branches:
Dungeon (3/15)

Altars:

Annotations:
D:2 Terence
D:3 3 runed translucent doors, Ijyb; Randoe's ghost, amateur DsNe


Innate Abilities, Weirdness & Mutations

You are very small and have problems with some larger weapons.
You are too small for most types of armour.
You have supernaturally acute eyesight. (SInv)
You cover ground extremely quickly. (Speed+++)


Message History

Ijyb is moderately wounded.
Ijyb barely misses you.
Aiming: Sandblast (safe; 4% risk of failure)
Press: ? - help, Q - select action, (/) - cycle Shift-Dir - straight line, f/p - Ijyb
Aim: Ijyb, wielding a +0 dagger, wearing a +0 ring mail and carrying a wand of flame (13) (moderately wounded, 77% to hit)
The blast of sand hits Ijyb but does no damage.
Ijyb is moderately wounded.
Ijyb hits you with a +0 dagger.
* * * LOW HITPOINT WARNING * * *
Aiming: Sandblast (safe; 4% risk of failure)
Press: ? - help, Q - select action, (/) - cycle Shift-Dir - straight line, f/p - Ijyb
Aim: Ijyb, wielding a +0 dagger, wearing a +0 ring mail and carrying a wand of flame (13) (moderately wounded, 77% to hit)
The blast of sand hits Ijyb but does no damage.
Ijyb is moderately wounded.
Ijyb barely misses you.
You don't have enough magic to cast this spell.
You don't have enough magic to cast this spell.
You are too injured to fight recklessly!
You are too injured to fight recklessly!
You are too injured to fight recklessly!
You barely miss Ijyb.
Ijyb is moderately wounded.
Ijyb closely misses you.
You hit Ijyb but do no damage.
Ijyb is moderately wounded.
Ijyb zaps a wand.
The puff of flame misses you.
You closely miss Ijyb.
Ijyb is moderately wounded.
Ijyb barely misses you.
You barely miss Ijyb.
Ijyb is moderately wounded.
Ijyb hits you with a +0 dagger.
* * * LOW HITPOINT WARNING * * *
You completely miss Ijyb.
Ijyb is moderately wounded.
Ijyb barely misses you.
You closely miss Ijyb.
Ijyb is moderately wounded.
Ijyb hits you with a +0 dagger.
You die...

..# #.# ####### #.# #.#
#######.....# ..# #.#
#....)......# ### #.#
##.########..# #.#
#............# #.#
#...######...#
#####'##########............#
....................####....#
#............###@...........###
#............# ##g...##.......#
#............# #.........#.###
############## #...####...<#
#...........# #..######...#
#..........## #.########.#
##############..........#


You could see Ijyb.

Vanquished Creatures
  3 adders (D:3)
  2 dart slugs
  An orc (D:3)
  4 endoplasms
  4 giant cockroaches (D:2)
  5 goblins
  4 hobgoblins
  3 jackals (D:2)
  2 kobolds
  3 quokkas
  6 ball pythons
  2 bats
  A frilled lizard (D:2)
  2 rats
42 creatures vanquished.

Notes
Turn   | Place    | Note
-------+----------+-------------------------------------------
     0 | D:1      | Twinkles the Spriggan Earth Elementalist began the quest
                  | for the Orb.
     0 | D:1      | Reached XP level 1. HP: 9/9 MP: 5/5
   248 | D:1      | HP: 2/9 [hobgoblin (2)]
   708 | D:1      | Reached XP level 2. HP: 13/13 MP: 3/6
  1174 | D:2      | Noticed Terence
  1702 | D:2      | Reached XP level 3. HP: 8/16 MP: 2/8
  1975 | D:2      | Found a faded altar of an unknown god.
  2357 | D:3      | Reached skill level 4 in Stealth
  2806 | D:3      | Found a runed translucent gate.
  2833 | D:3      | Found a runed translucent gate.
  2833 | D:3      | Found a runed translucent gate.
  2833 | D:3      | Noticed Randoe's ghost (amateur DsNe)
  3047 | D:3      | Reached XP level 4. HP: 9/21 MP: 9/9
  3372 | D:3      | Noticed Ijyb
  3757 | D:3      | HP: 4/21 [Ijyb (5)]
  3762 | D:3      | HP: 2/21 [Ijyb (2)]
  3764 | D:3      | Slain by Ijyb

Illustrated notes

Levels and vault maps discovered:
D:1:      nzn_arrival_settlement, layout_basic, nrook_mini_vaults
D:2:      layout_loops_cross, nicolae_ecumenical_lake_church, minivault_26,
          kennysheep_generic_room_11, uniq_terence
D:3:      layout_basic, gammafunk_ghost_necromancy, minivault_23,
          minmay_misc_feat_more_columns, wad_rectangle_vault, uniq_ijyb

Skill      XL: |  1  2  3 |
---------------+----------+-----
Dodging        | 3 |  3.9
Spellcasting   | 3 |  3.1
Earth Magic    | 3 |  3.3
Stealth        | 4 |  4.5
Transmutations | |  1.3

Action                   |  1- 3 |  4- 6 || total
-------------------------+-------+-------++-------
Melee: Unarmed           |     9 |       ||     9
       Dagger            |   178 |    22 ||   200
 Cast: Sandblast         |    30 |    10 ||    40
 Stab: Sleeping          |     6 |     1 ||     7
       Distracted        |     1 |       ||     1
Armor: Robe              |    27 |     3 ||    30
Dodge: Dodged            |   160 |    17 ||   177

Table legend: (Time is in decaauts)
 A = Elapsed time spent in this place.
 B = Non-inter-level travel time spent in this place.
 C = Inter-level travel time spent in this place.
 D = Time resting spent in this place.
 E = Time spent auto-exploring this place.
 F = Levels seen in this place.
 G = Mean time per level.
                   A        B        C        D        E       F      G
               +--------+--------+--------+--------+--------+-----+--------+
         Total |   3096 |   2994 |    102 |    673 |   1860 |   3 | 1032.0 |
       Dungeon |   3096 |   2994 |    102 |    673 |   1860 |   3 | 1032.0 |
               +--------+--------+--------+--------+--------+-----+--------+

Top non-repeatable levels by time:
     D:3: 1139 daAuts
     D:2: 1132 daAuts
     D:1: 824 daAuts
